 Dungeon Crawl Stone Soup version 0.28.0-53-g5a82cb258f (webtiles) character file.

Game seed: 14495126146881995409

116 Descartes the Chopper (level 5, -1/38 HPs)
             Began as a Formicid Warper on June 25, 2022.
             Killed from afar by Ijyb (5 damage)
             ... with a puff of flame
             ... on level 2 of the Dungeon.
             The game lasted 00:05:29 (2973 turns).

Descartes the Chopper (Formicid Warper)             Turns: 2973, Time: 00:05:30

Health: -1/38      AC:  7    Str: 18    XL:     5   Next: 20%
Magic:  8/8        EV: 10    Int: 12    God:
Gold:   45         SH:  0    Dex: 10    Spells: 8/8 levels left

rFire   . . .      SeeInvis +   a - +0 hand axe
rCold   + . .      Faith    .   (no shield)
rNeg    . . .      Spirit   .   k - +0 scale mail {rC+}
rPois   .          Reflect  .   (helmet unavailable)
rElec   .          Harm     .   (no cloak)
rCorr   .          Rampage  .   b - +0 pair of gloves
Will    .....                   (no boots)
Stlth   ..........              (no amulet)
HPRegen 0.12/turn               (no ring)
MPRegen 0.11/turn               (no ring)

@: attractive, invisible
A: permanent stasis, dig shafts and tunnels, antennae 3, four strong arms
a: Dig, Shaft Self


You were on level 2 of the Dungeon.
You visited 1 branch of the dungeon, and saw 3 of its levels.

You collected 45 gold pieces.

Inventory:

Hand Weapons
 a - a +0 hand axe (weapon)
 h - a +2 dagger of electrocution
 i - a +0 hunting sling
Missiles
 c - 5 boomerangs of dispersal (quivered)
 f - 2 boomerangs
 g - 17 stones
Armour
 b - a +0 pair of gloves (worn)
 k - a +0 scale mail of cold resistance (worn)
Scrolls
 l - a scroll of immolation {unknown}
Potions
 d - a potion of curing {unknown}
 e - a potion of attraction
 j - a potion of flight {unknown}
 m - a potion of invisibility
 n - a potion of heal wounds {unknown}


   Skills:
 - Level 2.1 Fighting
 * Level 3.1 Axes
 - Level 1.0 Throwing
 * Level 2.7 Armour
 - Level 1.7 Dodging
 * Level 2.7 Shields
 - Level 2.1 Spellcasting
 + Level 3.0 Translocations


You had 8 spell levels left.
You didn't know any spells.
Your spell library contained the following spells:

 Spells                   Type           Power      Damage    Failure   Level
 Gell's Gravitas          Tloc           8%         N/A       58%         3
 Lesser Beckoning         Tloc           8%         N/A       58%         3
 Teleport Other           Tloc           8%         N/A       58%         3
 Manifold Assault         Tloc           8%         N/A       100%        5
 Blink                    Tloc           Unusable   N/A       N/A         2

Dungeon Overview and Level Annotations

Branches:
Dungeon (3/15)

Altars:

Annotations:
D:2 Ijyb
D:3 Jessica


Innate Abilities, Weirdness & Mutations

You cannot be hasted, slowed, berserked, paralysed or teleported.
You can dig through walls and to a lower floor.
You have a pair of large antennae on your head. (SInv)
Your four strong arms can wield two-handed weapons with a shield.


Message History

You barely miss Ijyb.
Ijyb is lightly wounded.
Jessica casts a spell.
Jessica blinks!
Ijyb zaps a wand.
The puff of flame hits you.
You are too injured to fight recklessly!
You are too injured to fight recklessly!
You are too injured to fight recklessly!
You are too injured to fight recklessly!
You are too injured to fight recklessly!
You are too injured to fight recklessly!
You are too injured to fight recklessly!
You are too injured to fight recklessly!
You are too injured to fight recklessly!
You are too injured to fight recklessly!
You are too injured to fight recklessly!
You are too injured to fight recklessly!
You hit Ijyb but do no damage.
Ijyb is lightly wounded.
Ijyb barely misses you. Ijyb hits you with a +0 dagger.
Jessica gestures at you while chanting. Pain shoots through your body!
* * * LOW HITPOINT WARNING * * *
There is a stone staircase leading up here.
Jessica gestures wildly while chanting.
Jessica blinks!
Ijyb hits you but does no damage.
You climb upwards.
There is a stone staircase leading down here.
It was a potion of attraction.
You feel attractive to monsters. Ijyb hits you but does no damage.
It was a potion of invisibility.
You fade into invisibility!
Ijyb closely misses you. Ijyb closely misses you.
Ijyb zaps a wand.
Ijyb is attracted toward you.
Ijyb zaps a wand.
The puff of flame misses you. Ijyb is attracted toward you.
Ijyb is attracted toward you.
Ijyb zaps a wand.
The puff of flame hits you.
You die...

# #.).)...#'###....#.##.##.#.# #)
# #.#####.#.# #....#.##.##.#.###.
# #.# #.#.###....#..#.#......#. #
#.# #.#.#......#..#.####.#.#.
###.# #.#.#.#...##).#.####.#.#.
....# #.#.#.####.#....#........
##### #.#.#.............###..##
#.#.#######.##........... #####
#.#....)@.g.§..>..##..### ....#
#.[...<####.###.####..# {{..#
########..#.# #.#.....# .†..#
#.......#.#####.....###
....#######.####.##.##....#...)..
...g)g.........#..)..#.##.#.#####
....#######.#.###......#.........
##### #.#..........####.#####
#.####g..⌠...####)#....


You could see Ijyb.

Vanquished Creatures
  Terence (D:1)
  Robin (D:1)
  2 adders
  2 dart slugs (D:2)
  An orc (D:3)
  2 bats (D:2)
  5 endoplasms
  A giant cockroach (D:1)
  11 goblins
  10 hobgoblins
  2 jackals (D:2)
  4 kobolds (D:2)
  3 quokkas
  2 frilled lizards (D:1)
  3 rats
50 creatures vanquished.

Vanquished Creatures (others)
  4 plants (D:2)
4 creatures vanquished.

Grand Total: 54 creatures vanquished

Notes
Turn   | Place    | Note
-------+----------+-------------------------------------------
     0 | D:1      | Descartes the Formicid Warper began the quest for the Orb.
     0 | D:1      | Reached XP level 1. HP: 16/16 MP: 3/3
   143 | D:1      | Reached skill level 1 in Shields
   143 | D:1      | Reached XP level 2. HP: 16/22 MP: 5/5
   843 | D:2      | Noticed Robin
   847 | D:2      | Reached XP level 3. HP: 26/27 MP: 6/6
  1018 | D:1      | Killed Robin
  1207 | D:2      | Noticed Terence
  1211 | D:2      | Reached XP level 4. HP: 32/33 MP: 7/7
  1389 | D:1      | Killed Terence
  2467 | D:2      | Reached XP level 5. HP: 38/38 MP: 8/8
  2627 | D:2      | Found a faded altar of an unknown god.
  2949 | D:3      | Noticed Ijyb
  2951 | D:3      | Noticed Jessica
  2973 | D:2      | Killed from afar by Ijyb

Illustrated notes

Levels and vault maps discovered:
D:1:      dpeg_arrival_tiny_g, layout_rooms
D:2:      layout_basic, chequers_ecumenical_altar_lobes, solitary_fountain,
          uniq_robin, uniq_terence
D:3:      layout_loops_ring, uniq_jessica, uniq_crazy_yiuf_cottage,
          uniq_sigmund, uniq_ijyb

Skill      XL: |  1  2  3  4 |
---------------+-------------+-----
Shields        | 1 2 |  2.7
Armour         | 2 |  2.7
Translocations | 3 |  3.0
Axes           | 3 |  3.1
Fighting       | |  2.1
Throwing       | |  1.0
Dodging        | |  1.7
Spellcasting   | |  2.1

Action                   |  1- 3 |  4- 6 || total
-------------------------+-------+-------++-------
Melee: Hand axe          |    93 |   124 ||   217
       Punch             |     1 |     1 ||     2
  Use: Potion            |       |     2 ||     2
Armor: Leather armour    |     4 |       ||     4
       Scale mail        |    29 |    47 ||    76
Dodge: Dodged            |    48 |    79 ||   127
